Devils vs Golden Knights
Created - December 30, 2021 at 23:09
Goals
|
| Devils |
1 |
0 |
0 |
1 |
| Golden Knights |
3 |
0 |
0 |
3 |
|
Shots
|
| Devils |
14 |
6 |
14 |
34 |
| Golden Knights |
10 |
4 |
15 |
29 |
|
1st period
1. Golden Knights , Zach Bogosian 2 (Michael Frolik 7, Andrei Loktionov 6) at 5:59 (PP)
2. Golden Knights , Michael Frolik 6 (Andrei Loktionov 7) at 6:14
3. Golden Knights , Michael Frolik 7 (Mathew Dumba 2) at 15:48
4. Devils , Nazem Kadri 5 (Tyler Ennis 7, Marian Gaborik 4) at 16:49 (PP)
Penalties :
Marian Gaborik (N.J) for Elbowing (Minor) at 5:44, Michael Del Zotto (N.J) for Hooking (Minor) at 8:09, Zach Bogosian (Veg) for Hooking (Minor) at 16:02
2nd period
No Goal
Penalties :
Zach Bogosian (Veg) for Hooking (Minor) at 0:23, Wayne Simmonds (Veg) for Holding (Minor) at 6:35, Thomas Vanek (Veg) for Interference (Minor) at 14:08, Nathan Horton (Veg) for Holding (Minor) at 17:48
3rd period
No Goal
Penalties :
Martin Hanzal (Veg) for Diving (Minor) at 2:37
Goalie Stats
Maxime Daigneault (N.J), 26 saves from 29 shots - (0.897), L, 3-6-0, 60:00 minutes
Matt Hackett (Veg), 33 saves from 34 shots - (0.971), W, 2-0-0, 60:00 minutes
Players Stats for Devils
Player Name G A P +/- PIM S H SB GA TA FO MP PP MP PK MP
------------------------------------------------------------------------------------
Aleksander Barkov 0 0 0 -1 0 2 2 0 0 0 8/17 17:14 4:48 0:07
Anton Lander 0 0 0 0 0 1 1 0 0 0 1/4 8:23 0:00 0:30
Brian McGrattan 0 0 0 -1 0 3 0 0 0 0 1/2 13:39 0:19 0:30
Chris Stewart 0 0 0 0 0 0 0 0 1 0 0/0 15:14 4:51 0:00
Eric Tangradi 0 0 0 0 0 1 0 0 0 1 0/0 7:48 0:00 0:28
Jamie Arniel 0 0 0 0 0 2 0 1 0 0 4/7 12:29 0:30 1:16
Jonathan Huberdeau 0 0 0 -1 0 1 0 1 1 0 0/0 17:07 4:48 0:00
Kristopher Letang 0 0 0 0 0 0 2 1 0 1 0/0 26:02 6:21 0:51
Marian Gaborik 0 1 1 -1 2 4 4 1 2 0 0/2 21:51 5:32 0:00
Mark Fistric 0 0 0 -1 0 1 2 0 0 1 0/0 22:09 4:21 1:23
Matt Donovan 0 0 0 -1 0 0 1 0 0 1 0/0 13:22 0:00 0:51
Michael Del Zotto 0 0 0 -1 2 2 1 2 1 0 0/0 22:53 6:21 0:00
Miikka Salomaki 0 0 0 0 0 1 1 0 0 0 0/0 7:20 0:00 0:00
Mike Weber 0 0 0 0 0 3 3 2 0 0 0/0 19:34 0:00 1:23
Nazem Kadri 1 0 1 -1 0 2 1 1 0 1 18/24 21:44 5:24 0:00
Thomas Hickey 0 0 0 -1 0 2 1 1 0 0 0/0 16:32 4:21 0:00
Tyler Ennis 0 1 1 -1 0 7 1 0 2 0 0/0 21:54 5:21 0:21
Zach Parise 0 0 0 0 0 2 0 0 0 0 0/2 12:29 0:33 1:16
Players Stats for Golden Knights
Player Name G A P +/- PIM S H SB GA TA FO MP PP MP PK MP
------------------------------------------------------------------------------------
Andrei Loktionov 0 2 2 2 0 3 1 0 2 0 14/33 23:04 1:16 6:00
Chris Tierney 0 0 0 0 0 1 1 0 0 0 2/5 11:14 0:00 0:37
Clarke MacArthur 0 0 0 0 0 1 1 0 0 1 0/0 15:39 0:58 4:01
Damon Severson 0 0 0 0 0 0 1 0 1 0 0/0 11:12 0:00 0:34
Jared Cowen 0 0 0 1 0 1 1 1 0 0 0/0 27:14 1:15 6:08
Kellan Lain 0 0 0 2 0 1 5 0 0 1 0/1 22:56 1:16 5:56
Martin Hanzal 0 0 0 0 2 2 1 0 1 0 1/1 7:36 0:00 0:00
Mathew Dumba 0 1 1 1 0 1 0 2 0 0 0/0 21:33 0:59 4:00
Mats Zuccarello 0 0 0 0 0 1 5 0 0 0 0/0 10:56 0:00 0:00
Matt Stajan 0 0 0 0 0 5 1 2 0 2 8/15 17:06 0:58 2:46
Michael Frolik 2 1 3 2 0 4 1 1 0 0 1/1 16:12 1:16 0:00
Nathan Horton 0 0 0 0 2 0 1 0 0 0 0/0 7:13 0:00 0:00
Shawn Matthias 0 0 0 0 0 0 1 0 0 0 0/0 7:23 0:00 0:29
Thomas Vanek 0 0 0 0 2 1 4 0 0 0 0/2 13:30 0:00 0:00
Vladimir Mihalik 0 0 0 0 0 0 1 0 0 0 0/0 11:43 0:00 1:05
Wayne Simmonds 0 0 0 0 2 4 0 0 1 0 0/0 16:25 0:58 1:35
Wes O'Neill 0 0 0 1 0 0 0 1 0 2 0/0 22:48 0:59 5:14
Zach Bogosian 1 0 1 1 4 4 4 1 0 1 0/0 25:27 1:15 4:23
3 Stars
1 - Michael Frolik (Veg)
2 - Matt Hackett (Veg)
3 - Andrei Loktionov (Veg)
Power Play
Devils - 1 on 7 Attempt(s) - 14.29%
Golden Knights - 1 on 1 Attempt(s) - 100.00%
Penalty Kill
Devils - 0 on 1 Attempt(s) - 0.00%
- Score 0 goal in Penalty Kill
Golden Knights - 6 on 7 Attempt(s) - 85.71%
- Score 0 goal in Penalty Kill
Team Stat
Devils - Hits : 20 - Faceoff Wins : 32 - Blocked Shots : 10 - Penalty Minutes : 4
Golden Knights - Hits : 29 - Faceoff Wins : 26 - Blocked Shots : 8 - Penalty Minutes : 12
Official
Referees : Wes McCauley and Justin St. Pierre
Linesman : Vaughan Rody and Derek Amell
Game Notes
11:27 of 3rd period - Penalty Shot by Kellan Lain for Golden Knights - Stopped by Maxime Daigneault
Finance
Level 1 -- Attendance: 5494 (91.57%) -- Ticket Income $549,400
Level 2 -- Attendance: 5000 (100.00%) -- Ticket Income $300,000
Level 3 -- Attendance: 2000 (100.00%) -- Ticket Income $70,000
Level 4 -- Attendance: 3628 (90.70%) -- Ticket Income $90,700
Luxury Box -- Attendance: 1000 (100.00%) -- Ticket Income $200,000
Game was played at the T-Mobile Arena.
Total Attendance: 17122 (95.12%)
Total Ticket Income: $1,210,100
Other Income: $181,515
Total Income: $1,391,615
Devils
5 vs 5 Forward
Center Left Wing Right Wing Time % Phy DF OF
1 Nazem Kadri Tyler Ennis Marian Gaborik 36 0 2 3
2 Jamie Arniel Zach Parise Chris Stewart 26 0 2 3
3 Aleksander Barkov Jonathan Huberdeau Brian McGrattan 26 0 2 3
4 Anton Lander Eric Tangradi Miikka Salomaki 12 0 2 3
5 vs 5 Defense
Defense Defense Time % Phy DF OF
1 Mike Weber Kristopher Letang 40 0 3 2
2 Michael Del Zotto Mark Fistric 35 0 3 2
3 Matt Donovan Thomas Hickey 25 0 3 2
4 Mike Weber Kristopher Letang 0 1 2 2
PowerPlay Forward
Center Left Wing Right Wing Time % Phy DF OF
1 Nazem Kadri Tyler Ennis Marian Gaborik 60 0 1 4
2 Aleksander Barkov Jonathan Huberdeau Chris Stewart 40 0 1 4
PowerPlay Defense
Defense Defense Time % Phy DF OF
1 Michael Del Zotto Kristopher Letang 60 0 2 3
2 Mark Fistric Thomas Hickey 40 0 2 3
Penalty Kill 4 Players Forward
Center Wing Time % Phy DF OF
1 Jamie Arniel Zach Parise 60 1 4 0
2 Anton Lander Brian McGrattan 40 1 4 0
Penalty Kill 4 Players Defense
Defense Defense Time % Phy DF OF
1 Mike Weber Mark Fistric 60 1 4 0
2 Michael Del Zotto Matt Donovan 40 1 4 0
Penalty Kill - 3 Players Forward
Forward Time % Phy DF OF
1 Tyler Ennis 60 0 4 1
2 Jamie Arniel 40 0 4 1
Penalty Kill - 3 Players Defense
Defense Defense Time % Phy DF OF
1 Mike Weber Kristopher Letang 60 1 4 0
2 Michael Del Zotto Mark Fistric 40 1 4 0
4 vs 4 Forward
Center Wing Time % Phy DF OF
1 Nazem Kadri Tyler Ennis 60 0 2 3
2 Jamie Arniel Zach Parise 40 0 2 3
4 vs 4 Defense
Defense Defense Time % Phy DF OF
1 Mike Weber Kristopher Letang 60 0 3 2
2 Michael Del Zotto Mark Fistric 40 0 3 2
Last Minutes Offensive
Center Left Wing Right Wing Defense Defense
Nazem Kadri Tyler Ennis Marian Gaborik Michael Del Zotto Kristopher Letang
Last Minutes Defensive
Center Left Wing Right Wing Defense Defense
Jamie Arniel Zach Parise Brian McGrattan Mike Weber Mark Fistric
Goaltenders
Starting : Maxime Daigneault
Backup : Thomas McCollum
Extra Forwards
Normal : Aleksander Barkov, Jonathan Huberdeau, Jamie Arniel - PP : Zach Parise, Jamie Arniel - PK : Tyler Ennis
Extra Defensemen
Normal : Thomas Hickey, Matt Donovan, Mark Fistric - PP : Mike Weber - PK : Kristopher Letang, Matt Donovan
Penalty Shots
Nazem Kadri, Tyler Ennis, Marian Gaborik, Chris Stewart, Jamie Arniel
Scratches
Anton Stralman (Sprained Left Ankle Injury)
Golden Knights
5 vs 5 Forward
Center Left Wing Right Wing Time % Phy DF OF
1 Andrei Loktionov Kellan Lain Michael Frolik 40 1 2 2
2 Matt Stajan Thomas Vanek Wayne Simmonds 30 1 2 2
3 Chris Tierney Clarke MacArthur Mats Zuccarello 20 1 2 2
4 Martin Hanzal Shawn Matthias Nathan Horton 10 1 2 2
5 vs 5 Defense
Defense Defense Time % Phy DF OF
1 Zach Bogosian Jared Cowen 40 1 2 2
2 Mathew Dumba Wes O'Neill 30 1 2 2
3 Vladimir Mihalik Damon Severson 20 1 2 2
4 Zach Bogosian Jared Cowen 10 1 2 2
PowerPlay Forward
Center Left Wing Right Wing Time % Phy DF OF
1 Andrei Loktionov Kellan Lain Michael Frolik 60 1 2 2
2 Matt Stajan Clarke MacArthur Wayne Simmonds 40 1 2 2
PowerPlay Defense
Defense Defense Time % Phy DF OF
1 Zach Bogosian Jared Cowen 60 1 2 2
2 Mathew Dumba Wes O'Neill 40 1 2 2
Penalty Kill 4 Players Forward
Center Wing Time % Phy DF OF
1 Andrei Loktionov Kellan Lain 60 1 2 2
2 Matt Stajan Clarke MacArthur 40 1 2 2
Penalty Kill 4 Players Defense
Defense Defense Time % Phy DF OF
1 Zach Bogosian Jared Cowen 60 1 2 2
2 Mathew Dumba Wes O'Neill 40 1 2 2
Penalty Kill - 3 Players Forward
Forward Time % Phy DF OF
1 Andrei Loktionov 60 1 2 2
2 Matt Stajan 40 1 2 2
Penalty Kill - 3 Players Defense
Defense Defense Time % Phy DF OF
1 Zach Bogosian Jared Cowen 60 1 2 2
2 Mathew Dumba Wes O'Neill 40 1 2 2
4 vs 4 Forward
Center Wing Time % Phy DF OF
1 Andrei Loktionov Kellan Lain 60 1 2 2
2 Matt Stajan Clarke MacArthur 40 1 2 2
4 vs 4 Defense
Defense Defense Time % Phy DF OF
1 Zach Bogosian Jared Cowen 60 1 2 2
2 Mathew Dumba Wes O'Neill 40 1 2 2
Last Minutes Offensive
Center Left Wing Right Wing Defense Defense
Andrei Loktionov Kellan Lain Michael Frolik Zach Bogosian Jared Cowen
Last Minutes Defensive
Center Left Wing Right Wing Defense Defense
Andrei Loktionov Kellan Lain Michael Frolik Zach Bogosian Jared Cowen
Goaltenders
Starting : Matt Hackett
Backup : Ondrej Pavelec
Extra Forwards
Normal : Wayne Simmonds, Mats Zuccarello, Nathan Horton - PP : Wayne Simmonds, Mats Zuccarello - PK : Wayne Simmonds
Extra Defensemen
Normal : Wes O'Neill, Vladimir Mihalik, Damon Severson - PP : Wes O'Neill - PK : Wes O'Neill, Vladimir Mihalik
Penalty Shots
Michael Frolik, Andrei Loktionov, Kellan Lain, Matt Stajan, Wayne Simmonds
Scratches
Jamie Oleksiak (Healthy)
% Time on Ice - Devils
Lines # - Real PCT - Wanted PCT - Time Play
Normal Forward
1 - 35% - 36% - 16:31
2 - 25% - 26% - 11:36
3 - 25% - 26% - 11:37
4 - 16% - 12% - 7:20
Normal Defense
1 - 41% - 40% - 19:16
2 - 35% - 35% - 16:29
3 - 24% - 25% - 11:19
4 - 0% - 0% - 0:00
PP Forward
1 - 54% - 60% - 5:44
2 - 46% - 40% - 4:58
PP Defense
1 - 59% - 60% - 6:21
2 - 41% - 40% - 4:21
PK Forward
1 - 78% - 60% - 1:44
2 - 22% - 40% - 0:30
PK Defense
1 - 61% - 60% - 1:22
2 - 39% - 40% - 0:52
PK3 Forward
1 - 0% - 60%
2 - 0% - 40%
PK3 Defense
1 - 0% - 60%
2 - 0% - 40%
44 Forward
1 - 0% - 60%
2 - 0% - 40%
44 Defense
1 - 0% - 60%
2 - 0% - 40%
Last Minute Offensive - 0:00
Last Minute Defensive - 0:00
Total
Forward - 60:00
Defense - 60:00
|
% Time on Ice - Golden Knights
Lines # - Real PCT - Wanted PCT - Time Play
Normal Forward
1 - 35% - 40% - 16:37
2 - 28% - 30% - 13:22
3 - 22% - 20% - 10:20
4 - 14% - 10% - 6:45
Normal Defense
1 - 41% - 40% - 19:08
2 - 35% - 30% - 16:35
3 - 22% - 20% - 10:27
4 - 2% - 10% - 0:54
PP Forward
1 - 57% - 60% - 1:16
2 - 43% - 40% - 0:58
PP Defense
1 - 56% - 60% - 1:15
2 - 44% - 40% - 0:59
PK Forward
1 - 74% - 60% - 7:56
2 - 26% - 40% - 2:46
PK Defense
1 - 63% - 60% - 6:42
2 - 37% - 40% - 4:00
PK3 Forward
1 - 0% - 60%
2 - 0% - 40%
PK3 Defense
1 - 0% - 60%
2 - 0% - 40%
44 Forward
1 - 0% - 60%
2 - 0% - 40%
44 Defense
1 - 0% - 60%
2 - 0% - 40%
Last Minute Offensive - 0:00
Last Minute Defensive - 0:00
Total
Forward - 60:00
Defense - 60:00
|
Play-by-Play
1st period
0:01 of 1st period - Nazem Kadri wins face-off versus Andrei Loktionov in neutral zone.
0:10 of 1st period - Wrist shot by Tyler Ennis.
0:10 of 1st period - Stopped by Matt Hackett with a rebound.
0:26 of 1st period - Kristopher Letang is hit by Zach Bogosian and loses puck.
1:31 of 1st period - Snap shot by Nazem Kadri.
1:31 of 1st period - Shot Blocked by Mathew Dumba.
1:54 of 1st period - Wayne Simmonds is hit by Michael Del Zotto and loses puck.
2:15 of 1st period - Chris Stewart is hit by Martin Hanzal and loses puck.
2:41 of 1st period - Marian Gaborik is hit by Mats Zuccarello and loses puck.
2:59 of 1st period - Anton Lander is hit by Matt Stajan and loses puck.
3:30 of 1st period - Zach Parise is hit by Nathan Horton and loses puck.
4:00 of 1st period - Nazem Kadri is hit by Mats Zuccarello and loses puck.
4:13 of 1st period - Snap shot by Matt Stajan.
4:13 of 1st period - Shot Misses the Net.
4:15 of 1st period - Slapshot by Zach Bogosian.
4:15 of 1st period - Deflect By Wayne Simmonds.
4:15 of 1st period - Stopped by Maxime Daigneault with a rebound.
4:21 of 1st period - Backhand shot by Matt Stajan.
4:21 of 1st period - Stopped by Maxime Daigneault with a rebound.
4:23 of 1st period - Slapshot by Zach Bogosian.
4:23 of 1st period - Stopped by Maxime Daigneault without a rebound.
4:24 of 1st period - Michael Frolik wins face-off versus Aleksander Barkov in Devils zone.
5:10 of 1st period - Icing by Michael Del Zotto.
5:11 of 1st period - Jamie Arniel wins face-off versus Chris Tierney in Devils zone.
5:11 of 1st period - Jamie Arniel is hit by Mats Zuccarello.
5:19 of 1st period - Wrist shot by Clarke MacArthur.
5:19 of 1st period - Shot Blocked by Michael Del Zotto.
5:21 of 1st period - Backhand shot by Zach Bogosian.
5:21 of 1st period - Stopped by Maxime Daigneault with a rebound.
5:23 of 1st period - Snap shot by Chris Tierney.
5:23 of 1st period - Stopped by Maxime Daigneault without a rebound.
5:24 of 1st period - Nazem Kadri wins face-off versus Andrei Loktionov in Devils zone.
5:29 of 1st period - Wrist shot by Nazem Kadri.
5:29 of 1st period - Shot Misses the Net.
5:44 of 1st period - Minor Penalty to Marian Gaborik for Elbowing.
5:45 of 1st period - Andrei Loktionov wins face-off versus Jamie Arniel in Devils zone.
5:45 of 1st period - Wrist shot by Michael Frolik.
5:45 of 1st period - Shot Misses the Net.
5:57 of 1st period - Wrist shot by Michael Frolik.
5:57 of 1st period - Shot Misses the Net.
5:59 of 1st period - Slapshot by Zach Bogosian.
5:59 of 1st period - Goal by Zach Bogosian - Devils : 0 - Golden Knights : 1.
6:00 of 1st period - Andrei Loktionov wins face-off versus Zach Parise in neutral zone.
6:05 of 1st period - Kristopher Letang is hit by Zach Bogosian and loses puck.
6:10 of 1st period - Snap shot by Michael Frolik.
6:10 of 1st period - Shot Blocked by Mike Weber.
6:12 of 1st period - Snap shot by Andrei Loktionov.
6:12 of 1st period - Deflect By Jamie Arniel.
6:12 of 1st period - Shot Blocked by Jamie Arniel.
6:12 of 1st period - Puck is out of play.
6:13 of 1st period - Andrei Loktionov wins face-off versus Aleksander Barkov in Devils zone.
6:14 of 1st period - Slapshot by Michael Frolik.
6:14 of 1st period - Goal by Michael Frolik - Devils : 0 - Golden Knights : 2.
6:15 of 1st period - Andrei Loktionov wins face-off versus Aleksander Barkov in neutral zone.
6:18 of 1st period - Mike Weber is hit by Kellan Lain.
6:42 of 1st period - Wayne Simmonds is hit by Mike Weber and loses puck.
7:26 of 1st period - Snap shot by Anton Lander.
7:26 of 1st period - Deflect By Nathan Horton.
7:26 of 1st period - Shot Misses the Net.
7:26 of 1st period - Puck is out of play.
7:27 of 1st period - Martin Hanzal wins face-off versus Anton Lander in Golden Knights zone.
8:09 of 1st period - Minor Penalty to Michael Del Zotto for Hooking.
8:10 of 1st period - Andrei Loktionov wins face-off versus Jamie Arniel in Devils zone.
8:36 of 1st period - Mark Fistric is hit by Clarke MacArthur and loses puck.
9:09 of 1st period - Clarke MacArthur is hit by Mark Fistric.
10:09 of 1st period - Penalty to Michael Del Zotto is over, Michael Del Zotto is back on ice.
10:39 of 1st period - Wrist shot by Michael Del Zotto.
10:39 of 1st period - Shot Misses the Net.
10:41 of 1st period - Snap shot by Anton Lander.
10:41 of 1st period - Stopped by Matt Hackett without a rebound.
10:42 of 1st period - Chris Tierney wins face-off versus Nazem Kadri in Golden Knights zone.
10:49 of 1st period - Snap shot by Mats Zuccarello.
10:49 of 1st period - Shot Misses the Net.
10:51 of 1st period - Slapshot by Jared Cowen.
10:51 of 1st period - Shot Blocked by Thomas Hickey.
10:53 of 1st period - Slapshot by Zach Bogosian.
10:53 of 1st period - Shot Blocked by Marian Gaborik.
11:14 of 1st period - Zach Bogosian is hit by Matt Donovan and loses puck.
11:53 of 1st period - Nathan Horton is hit by Kristopher Letang and loses puck.
12:17 of 1st period - Chris Tierney is hit by Anton Lander and loses puck.
13:03 of 1st period - Matt Stajan is hit by Mark Fistric and loses puck.
14:14 of 1st period - Zach Bogosian is hit by Marian Gaborik and loses puck.
14:21 of 1st period - Wrist shot by Tyler Ennis.
14:21 of 1st period - Shot Blocked by Matt Stajan.
14:23 of 1st period - Wrist shot by Marian Gaborik.
14:23 of 1st period - Shot Blocked by Zach Bogosian.
14:25 of 1st period - Slapshot by Mike Weber.
14:25 of 1st period - Shot Misses the Net.
14:27 of 1st period - Slapshot by Mike Weber.
14:27 of 1st period - Stopped by Matt Hackett with a rebound.
15:38 of 1st period - Icing by Kellan Lain.
15:39 of 1st period - Andrei Loktionov wins face-off versus Nazem Kadri in Golden Knights zone.
15:48 of 1st period - Slapshot by Michael Frolik.
15:48 of 1st period - Goal by Michael Frolik - Devils : 0 - Golden Knights : 3.
15:49 of 1st period - Nazem Kadri wins face-off versus Kellan Lain in neutral zone.
15:51 of 1st period - Michael Del Zotto is hit by Kellan Lain.
15:55 of 1st period - Snap shot by Tyler Ennis.
15:55 of 1st period - Stopped by Matt Hackett with a rebound.
15:57 of 1st period - Slapshot by Nazem Kadri.
15:57 of 1st period - Shot Hit the Post.
15:59 of 1st period - Slapshot by Mark Fistric.
15:59 of 1st period - Stopped by Matt Hackett without a rebound.
16:00 of 1st period - Andrei Loktionov wins face-off versus Nazem Kadri in Golden Knights zone.
16:02 of 1st period - Minor Penalty to Zach Bogosian for Hooking.
16:03 of 1st period - Nazem Kadri wins face-off versus Andrei Loktionov in Golden Knights zone.
16:07 of 1st period - Wrist shot by Marian Gaborik.
16:07 of 1st period - Stopped by Matt Hackett with a rebound.
16:09 of 1st period - Snap shot by Marian Gaborik.
16:09 of 1st period - Stopped by Matt Hackett with a rebound.
16:11 of 1st period - Snap shot by Nazem Kadri.
16:11 of 1st period - Deflect By Tyler Ennis.
16:11 of 1st period - Shot Misses the Net.
16:11 of 1st period - Puck is out of play.
16:12 of 1st period - Andrei Loktionov wins face-off versus Marian Gaborik in Golden Knights zone.
16:12 of 1st period - Andrei Loktionov is hit by Marian Gaborik.
16:32 of 1st period - Kellan Lain is hit by Tyler Ennis and loses puck.
16:45 of 1st period - Slapshot by Marian Gaborik.
16:45 of 1st period - Stopped by Matt Hackett with a rebound.
16:49 of 1st period - Wrist shot by Nazem Kadri.
16:49 of 1st period - Goal by Nazem Kadri - Devils : 1 - Golden Knights : 3.
16:50 of 1st period - Matt Stajan wins face-off versus Aleksander Barkov in neutral zone.
16:52 of 1st period - Off-side.
16:53 of 1st period - Matt Stajan wins face-off versus Brian McGrattan in neutral zone.
17:23 of 1st period - Snap shot by Tyler Ennis.
17:23 of 1st period - Stopped by Matt Hackett with a rebound.
17:25 of 1st period - Wrist shot by Mike Weber.
17:25 of 1st period - Deflect By Kellan Lain.
17:25 of 1st period - Stopped by Matt Hackett with a rebound.
17:27 of 1st period - Slapshot by Kristopher Letang.
17:27 of 1st period - Shot Misses the Net.
17:41 of 1st period - Snap shot by Zach Parise.
17:41 of 1st period - Stopped by Matt Hackett with a rebound.
17:43 of 1st period - Slapshot by Thomas Hickey.
17:43 of 1st period - Shot Misses the Net.
17:45 of 1st period - Snap shot by Thomas Hickey.
17:45 of 1st period - Stopped by Matt Hackett with a rebound.
17:47 of 1st period - Snap shot by Matt Donovan.
17:47 of 1st period - Shot Misses the Net.
17:49 of 1st period - Snap shot by Thomas Hickey.
17:49 of 1st period - Stopped by Matt Hackett without a rebound.
17:50 of 1st period - Andrei Loktionov wins face-off versus Nazem Kadri in Golden Knights zone.
18:17 of 1st period - Mark Fistric is hit by Thomas Vanek and loses puck.
18:24 of 1st period - Wrist shot by Matt Stajan.
18:24 of 1st period - Stopped by Maxime Daigneault without a rebound.
18:25 of 1st period - Matt Stajan wins face-off versus Aleksander Barkov in Devils zone.
18:42 of 1st period - Thomas Hickey is hit by Thomas Vanek and loses puck.
19:03 of 1st period - Wrist shot by Tyler Ennis.
19:03 of 1st period - Deflect By Michael Frolik.
19:03 of 1st period - Shot Hit the Post.
19:03 of 1st period - Puck is out of play.
19:04 of 1st period - Nazem Kadri wins face-off versus Andrei Loktionov in Golden Knights zone.
19:18 of 1st period - Wrist shot by Michael Frolik.
19:18 of 1st period - Stopped by Maxime Daigneault with a rebound.
Goals for this period are 1 for Devils vs 3 for Golden Knights.
Shots for this period are 14 for Devils vs 10 for Golden Knights.
2nd period
0:01 of 2nd period - Nazem Kadri wins face-off versus Andrei Loktionov in neutral zone.
0:08 of 2nd period - Michael Frolik is hit by Marian Gaborik and loses puck.
0:23 of 2nd period - Minor Penalty to Zach Bogosian for Hooking.
0:24 of 2nd period - Nazem Kadri wins face-off versus Andrei Loktionov in Golden Knights zone.
2:23 of 2nd period - Penalty to Zach Bogosian is over, Zach Bogosian is back on ice.
2:33 of 2nd period - Wrist shot by Martin Hanzal.
2:33 of 2nd period - Stopped by Maxime Daigneault without a rebound.
2:34 of 2nd period - Matt Stajan wins face-off versus Anton Lander in Devils zone.
2:49 of 2nd period - Wayne Simmonds is hit by Kristopher Letang and loses puck.
2:58 of 2nd period - Wrist shot by Miikka Salomaki.
2:58 of 2nd period - Stopped by Matt Hackett without a rebound.
2:59 of 2nd period - Nazem Kadri wins face-off versus Andrei Loktionov in Golden Knights zone.
3:35 of 2nd period - Icing by Brian McGrattan.
3:36 of 2nd period - Aleksander Barkov wins face-off versus Thomas Vanek in Devils zone.
4:27 of 2nd period - Snap shot by Clarke MacArthur.
4:27 of 2nd period - Stopped by Maxime Daigneault without a rebound.
4:28 of 2nd period - Matt Stajan wins face-off versus Zach Parise in Devils zone.
5:12 of 2nd period - Marian Gaborik is hit by Kellan Lain and loses puck.
5:32 of 2nd period - Tyler Ennis is hit by Kellan Lain and loses puck.
5:39 of 2nd period - Snap shot by Andrei Loktionov.
5:39 of 2nd period - Shot Blocked by Kristopher Letang.
5:55 of 2nd period - Snap shot by Tyler Ennis.
5:55 of 2nd period - Stopped by Matt Hackett without a rebound.
5:56 of 2nd period - Matt Stajan wins face-off versus Aleksander Barkov in Golden Knights zone.
6:03 of 2nd period - Slapshot by Zach Bogosian.
6:03 of 2nd period - Stopped by Maxime Daigneault with a rebound.
6:28 of 2nd period - Wrist shot by Jamie Arniel.
6:28 of 2nd period - Stopped by Matt Hackett with a rebound.
6:30 of 2nd period - Slapshot by Thomas Hickey.
6:30 of 2nd period - Deflect By Jamie Arniel.
6:30 of 2nd period - Shot Blocked by Jared Cowen.
6:30 of 2nd period - Puck is out of play.
6:31 of 2nd period - Aleksander Barkov wins face-off versus Matt Stajan in Golden Knights zone.
6:35 of 2nd period - Minor Penalty to Wayne Simmonds for Holding.
6:36 of 2nd period - Nazem Kadri wins face-off versus Andrei Loktionov in Golden Knights zone.
7:03 of 2nd period - Andrei Loktionov is hit by Aleksander Barkov and loses puck.
8:35 of 2nd period - Penalty to Wayne Simmonds is over, Wayne Simmonds is back on ice.
9:57 of 2nd period - Jamie Arniel is hit by Michael Frolik and loses puck.
10:12 of 2nd period - Snap shot by Matt Stajan.
10:12 of 2nd period - Stopped by Maxime Daigneault with a rebound.
10:14 of 2nd period - Slapshot by Vladimir Mihalik.
10:14 of 2nd period - Shot Misses the Net.
10:44 of 2nd period - Tyler Ennis is hit by Shawn Matthias and loses puck.
11:21 of 2nd period - Matt Stajan is hit by Thomas Hickey and loses puck.
11:56 of 2nd period - Matt Donovan is hit by Zach Bogosian and loses puck.
12:28 of 2nd period - Marian Gaborik is hit by Vladimir Mihalik and loses puck.
13:01 of 2nd period - Wes O'Neill is hit by Nazem Kadri and loses puck.
13:08 of 2nd period - Wrist shot by Nazem Kadri.
13:08 of 2nd period - Stopped by Matt Hackett with a rebound.
13:22 of 2nd period - Snap shot by Tyler Ennis.
13:22 of 2nd period - Stopped by Matt Hackett without a rebound.
13:23 of 2nd period - Aleksander Barkov wins face-off versus Andrei Loktionov in Golden Knights zone.
13:50 of 2nd period - Chris Stewart is hit by Thomas Vanek and loses puck.
13:56 of 2nd period - Off-side.
13:57 of 2nd period - Aleksander Barkov wins face-off versus Matt Stajan in neutral zone.
14:06 of 2nd period - Slapshot by Jonathan Huberdeau.
14:06 of 2nd period - Stopped by Matt Hackett with a rebound.
14:08 of 2nd period - Minor Penalty to Thomas Vanek for Interference.
14:09 of 2nd period - Aleksander Barkov wins face-off versus Andrei Loktionov in Golden Knights zone.
16:08 of 2nd period - Penalty to Thomas Vanek is over, Thomas Vanek is back on ice.
16:24 of 2nd period - Nathan Horton is hit by Miikka Salomaki.
16:50 of 2nd period - Eric Tangradi is hit by Damon Severson and loses puck.
17:29 of 2nd period - Brian McGrattan is hit by Chris Tierney and loses puck.
17:48 of 2nd period - Minor Penalty to Nathan Horton for Holding.
17:49 of 2nd period - Nazem Kadri wins face-off versus Andrei Loktionov in Golden Knights zone.
18:02 of 2nd period - Snap shot by Andrei Loktionov.
18:02 of 2nd period - Shot Misses the Net.
19:43 of 2nd period - Wes O'Neill is hit by Marian Gaborik and loses puck.
19:48 of 2nd period - Penalty to Nathan Horton is over, Nathan Horton is back on ice.
Goals for this period are 0 for Devils vs 0 for Golden Knights.
Shots for this period are 6 for Devils vs 4 for Golden Knights.
3rd period
0:01 of 3rd period - Andrei Loktionov wins face-off versus Nazem Kadri in neutral zone.
0:04 of 3rd period - Nazem Kadri is hit by Jared Cowen and loses puck.
0:09 of 3rd period - Snap shot by Kellan Lain.
0:09 of 3rd period - Shot Blocked by Michael Del Zotto.
0:11 of 3rd period - Snap shot by Andrei Loktionov.
0:11 of 3rd period - Stopped by Maxime Daigneault with a rebound.
0:13 of 3rd period - Slapshot by Jared Cowen.
0:13 of 3rd period - Stopped by Maxime Daigneault without a rebound.
0:14 of 3rd period - Nazem Kadri wins face-off versus Andrei Loktionov in Devils zone.
0:23 of 3rd period - Kellan Lain is hit by Mike Weber and loses puck.
1:05 of 3rd period - Icing by Brian McGrattan.
1:06 of 3rd period - Jamie Arniel wins face-off versus Chris Tierney in Devils zone.
2:37 of 3rd period - Minor Penalty to Martin Hanzal for Diving.
2:38 of 3rd period - Nazem Kadri wins face-off versus Andrei Loktionov in Golden Knights zone.
3:11 of 3rd period - Backhand shot by Matt Stajan.
3:11 of 3rd period - Shot Blocked by Nazem Kadri.
3:29 of 3rd period - Snap shot by Tyler Ennis.
3:29 of 3rd period - Stopped by Matt Hackett without a rebound.
3:30 of 3rd period - Andrei Loktionov wins face-off versus Aleksander Barkov in Golden Knights zone.
3:38 of 3rd period - Off-side.
3:39 of 3rd period - Aleksander Barkov wins face-off versus Matt Stajan in neutral zone.
3:46 of 3rd period - Wrist shot by Aleksander Barkov.
3:46 of 3rd period - Shot Blocked by Matt Stajan.
3:50 of 3rd period - Snap shot by Jonathan Huberdeau.
3:50 of 3rd period - Shot Misses the Net.
4:16 of 3rd period - Snap shot by Chris Stewart.
4:16 of 3rd period - Shot Misses the Net.
4:18 of 3rd period - Snap shot by Chris Stewart.
4:18 of 3rd period - Shot Misses the Net.
4:20 of 3rd period - Wrist shot by Aleksander Barkov.
4:20 of 3rd period - Stopped by Matt Hackett with a rebound.
4:29 of 3rd period - Icing by Chris Stewart.
4:30 of 3rd period - Aleksander Barkov wins face-off versus Andrei Loktionov in Devils zone.
4:37 of 3rd period - Penalty to Martin Hanzal is over, Martin Hanzal is back on ice.
5:04 of 3rd period - Icing by Wes O'Neill.
5:05 of 3rd period - Nazem Kadri wins face-off versus Andrei Loktionov in Golden Knights zone.
5:34 of 3rd period - Wrist shot by Anton Lander.
5:34 of 3rd period - Shot Blocked by Wes O'Neill.
5:36 of 3rd period - Wrist shot by Eric Tangradi.
5:36 of 3rd period - Stopped by Matt Hackett without a rebound.
5:37 of 3rd period - Anton Lander wins face-off versus Matt Stajan in Golden Knights zone.
5:46 of 3rd period - Snap shot by Matt Stajan.
5:46 of 3rd period - Stopped by Maxime Daigneault with a rebound.
5:48 of 3rd period - Wrist shot by Wayne Simmonds.
5:48 of 3rd period - Stopped by Maxime Daigneault without a rebound.
5:49 of 3rd period - Nazem Kadri wins face-off versus Matt Stajan in Devils zone.
6:02 of 3rd period - Snap shot by Marian Gaborik.
6:02 of 3rd period - Deflect By Thomas Vanek.
6:02 of 3rd period - Stopped by Matt Hackett without a rebound.
6:03 of 3rd period - Nazem Kadri wins face-off versus Andrei Loktionov in Golden Knights zone.
6:28 of 3rd period - Mark Fistric is hit by Zach Bogosian and loses puck.
6:51 of 3rd period - Slapshot by Zach Bogosian.
6:51 of 3rd period - Deflect By Wayne Simmonds.
6:51 of 3rd period - Stopped by Maxime Daigneault with a rebound.
6:53 of 3rd period - Snap shot by Thomas Vanek.
6:53 of 3rd period - Stopped by Maxime Daigneault with a rebound.
6:55 of 3rd period - Snap shot by Wayne Simmonds.
6:55 of 3rd period - Shot Blocked by Mike Weber.
6:57 of 3rd period - Wrist shot by Thomas Vanek.
6:57 of 3rd period - Shot Misses the Net.
6:59 of 3rd period - Snap shot by Matt Stajan.
6:59 of 3rd period - Deflect By Wayne Simmonds.
6:59 of 3rd period - Deflect By Chris Stewart.
6:59 of 3rd period - Shot Misses the Net.
6:59 of 3rd period - Puck is out of play.
7:00 of 3rd period - Andrei Loktionov wins face-off versus Nazem Kadri in Devils zone.
7:03 of 3rd period - Wrist shot by Andrei Loktionov.
7:03 of 3rd period - Stopped by Maxime Daigneault with a rebound.
7:29 of 3rd period - Snap shot by Tyler Ennis.
7:29 of 3rd period - Stopped by Matt Hackett with a rebound.
7:31 of 3rd period - Snap shot by Tyler Ennis.
7:31 of 3rd period - Shot Misses the Net.
7:33 of 3rd period - Snap shot by Michael Del Zotto.
7:33 of 3rd period - Shot Blocked by Mathew Dumba.
7:43 of 3rd period - Slapshot by Tyler Ennis.
7:43 of 3rd period - Shot Blocked by Michael Frolik.
7:45 of 3rd period - Wrist shot by Michael Del Zotto.
7:45 of 3rd period - Stopped by Matt Hackett without a rebound.
7:46 of 3rd period - Matt Stajan wins face-off versus Aleksander Barkov in Golden Knights zone.
7:57 of 3rd period - Snap shot by Matt Stajan.
7:57 of 3rd period - Shot Blocked by Jonathan Huberdeau.
7:59 of 3rd period - Snap shot by Matt Stajan.
7:59 of 3rd period - Stopped by Maxime Daigneault without a rebound.
8:00 of 3rd period - Jamie Arniel wins face-off versus Thomas Vanek in Devils zone.
8:07 of 3rd period - Jared Cowen is hit by Mike Weber and loses puck.
8:30 of 3rd period - Brian McGrattan is hit by Andrei Loktionov and loses puck.
8:35 of 3rd period - Wrist shot by Kellan Lain.
8:35 of 3rd period - Deflect By Andrei Loktionov.
8:35 of 3rd period - Shot Misses the Net.
8:35 of 3rd period - Puck is out of play.
8:36 of 3rd period - Nazem Kadri wins face-off versus Andrei Loktionov in Devils zone.
9:24 of 3rd period - Slapshot by Michael Del Zotto.
9:24 of 3rd period - Shot Hit the Post.
9:52 of 3rd period - Snap shot by Martin Hanzal.
9:52 of 3rd period - Stopped by Maxime Daigneault with a rebound.
9:55 of 3rd period - Icing by Eric Tangradi.
9:56 of 3rd period - Andrei Loktionov wins face-off versus Anton Lander in Devils zone.
10:03 of 3rd period - Slapshot by Michael Frolik.
10:03 of 3rd period - Shot Misses the Net.
10:05 of 3rd period - Wrist shot by Andrei Loktionov.
10:05 of 3rd period - Stopped by Maxime Daigneault without a rebound.
10:06 of 3rd period - Andrei Loktionov wins face-off versus Marian Gaborik in Devils zone.
10:13 of 3rd period - Backhand shot by Andrei Loktionov.
10:13 of 3rd period - Shot Misses the Net.
10:19 of 3rd period - Snap shot by Andrei Loktionov.
10:19 of 3rd period - Shot Misses the Net.
10:21 of 3rd period - Wrist shot by Kellan Lain.
10:21 of 3rd period - Stopped by Maxime Daigneault without a rebound.
10:22 of 3rd period - Brian McGrattan wins face-off versus Matt Stajan in Devils zone.
10:47 of 3rd period - Michael Del Zotto is hit by Mats Zuccarello and loses puck.
10:54 of 3rd period - Zach Bogosian is hit by Aleksander Barkov and loses puck.
11:05 of 3rd period - Slapshot by Jonathan Huberdeau.
11:05 of 3rd period - Shot Hit the Post.
11:07 of 3rd period - Backhand shot by Aleksander Barkov.
11:07 of 3rd period - Deflect By Zach Bogosian.
11:07 of 3rd period - Stopped by Matt Hackett without a rebound.
11:08 of 3rd period - Nazem Kadri wins face-off versus Andrei Loktionov in Golden Knights zone.
11:27 of 3rd period - Penalty Shot by Kellan Lain for Golden Knights.
11:27 of 3rd period - Snap shot by Kellan Lain.
11:27 of 3rd period - Stopped by Maxime Daigneault.
11:28 of 3rd period - Matt Stajan wins face-off versus Jamie Arniel in Golden Knights zone.
11:34 of 3rd period - Snap shot by Wayne Simmonds.
11:34 of 3rd period - Stopped by Maxime Daigneault with a rebound.
12:04 of 3rd period - Wrist shot by Michael Frolik.
12:04 of 3rd period - Stopped by Maxime Daigneault without a rebound.
12:05 of 3rd period - Chris Tierney wins face-off versus Aleksander Barkov in Devils zone.
12:14 of 3rd period - Slapshot by Kristopher Letang.
12:14 of 3rd period - Shot Misses the Net.
12:16 of 3rd period - Snap shot by Mike Weber.
12:16 of 3rd period - Stopped by Matt Hackett with a rebound.
12:18 of 3rd period - Slapshot by Kristopher Letang.
12:18 of 3rd period - Shot Misses the Net.
12:20 of 3rd period - Wrist shot by Brian McGrattan.
12:20 of 3rd period - Stopped by Matt Hackett with a rebound.
13:42 of 3rd period - Slapshot by Michael Del Zotto.
13:42 of 3rd period - Stopped by Matt Hackett with a rebound.
13:52 of 3rd period - Mark Fistric is hit by Thomas Vanek.
14:06 of 3rd period - Mike Weber is hit by Kellan Lain and loses puck.
14:47 of 3rd period - Jonathan Huberdeau is hit by Mats Zuccarello and loses puck.
14:58 of 3rd period - Wrist shot by Zach Parise.
14:58 of 3rd period - Stopped by Matt Hackett without a rebound.
14:59 of 3rd period - Jamie Arniel wins face-off versus Matt Stajan in Golden Knights zone.
15:10 of 3rd period - Slapshot by Mathew Dumba.
15:10 of 3rd period - Stopped by Maxime Daigneault with a rebound.
15:40 of 3rd period - Snap shot by Jamie Arniel.
15:40 of 3rd period - Stopped by Matt Hackett without a rebound.
15:41 of 3rd period - Aleksander Barkov wins face-off versus Chris Tierney in Golden Knights zone.
15:42 of 3rd period - Snap shot by Jonathan Huberdeau.
15:42 of 3rd period - Shot Misses the Net.
15:56 of 3rd period - Slapshot by Mats Zuccarello.
15:56 of 3rd period - Stopped by Maxime Daigneault without a rebound.
15:57 of 3rd period - Nazem Kadri wins face-off versus Andrei Loktionov in Devils zone.
16:34 of 3rd period - Snap shot by Brian McGrattan.
16:34 of 3rd period - Stopped by Matt Hackett with a rebound.
19:10 of 3rd period - Wrist shot by Aleksander Barkov.
19:10 of 3rd period - Deflect By Brian McGrattan.
19:10 of 3rd period - Stopped by Matt Hackett with a rebound.
Goals for this period are 0 for Devils vs 0 for Golden Knights.
Shots for this period are 14 for Devils vs 15 for Golden Knights.